 Dungeon Crawl Stone Soup version 0.30-a0-782-ge64f9170bb (webtiles) character file.

Game seed: 4581254105044014457

7 jt the Vexing (level 2, 0/21 HPs)
             Began as a Barachi Hexslinger on Mar 18, 2023.
             Slain by a quokka (3 damage)
             ... on level 1 of the Dungeon.
             The game lasted 00:00:42 (143 turns).

jt the Vexing (Barachi Hexslinger)                   Turns: 143, Time: 00:00:42

Health: 0/21       AC:  3    Str: 11    XL:     2   Next: 4%
Magic:  3/3        EV: 12    Int: 13    God:
Gold:   19         SH:  0    Dex: 12    Spells: 2/3 levels left

rFire   . . .      SeeInvis .    a - +1 sling
rCold   . . .      Faith    .    (no shield)
rNeg    . . .      Spirit   .    c - +0 robe
rPois   .          Reflect  .    (no helmet)
rElec   .          Harm     .    (no cloak)
rCorr   .          Rampage  .    (no gloves)
Will    .....                    f - +0 pair of boots
Stlth   ++                       (no amulet)
HPRegen 0.23/turn                (no ring)
MPRegen 0.08/turn                (no ring)

@: slow
A: amphibious, slowness 1, strong legs 1, +LOS
a: Hop


You were on level 1 of the Dungeon.
You visited 1 branch of the dungeon, and saw 1 of its levels.

You collected 19 gold pieces.

Inventory:

Hand Weapons
 a - a +1 sling (weapon)
 e - a +0 spear
Missiles
 g - 7 stones
Armour
 c - a +0 robe (worn)
 f - a +0 pair of boots (worn)
Scrolls
 b - a scroll of poison
 d - a scroll of enchant armour {unknown}


   Skills:
 - Level 1.2 Fighting
 - Level 2.0 Ranged Weapons
 - Level 2.1 Dodging
 + Level 1.6 Stealth
 - Level 1.1 Spellcasting
 - Level 3.2 Hexes


You had 2 spell levels left.
You knew the following spells:

 Your Spells              Type           Power      Damage    Failure   Level
a - Slow                  Hex            36%        N/A       8%          1

Your spell library contained the following spells:

 Spells                   Type           Power      Damage    Failure   Level
 Inner Flame              Hex/Fire       4%         N/A       38%         3
 Portal Projectile        Hex/Tloc       8%         N/A       38%         3
 Cause Fear               Hex            4%         N/A       58%         4


Dungeon Overview and Level Annotations

Branches:
Dungeon (1/15)

Altars:


Innate Abilities, Weirdness & Mutations

You are amphibious.
You cover ground slowly.
You can hop short distances.
You have an extended range of vision and can be seen from far away.


Message History

Things that are here:
a +0 whip; a hobgoblin corpse You see here a +0 sling.
You now have 19 gold pieces (gained 10).
A quokka comes into view.
You shoot a sling bullet.
The sling bullet closely misses the quokka.
You hear a shout!
You shoot a sling bullet. The sling bullet hits the quokka.
The quokka is heavily wounded.
The quokka bites you. x2
You shoot a sling bullet.
The sling bullet closely misses the quokka.
The quokka misses you.
You shoot a sling bullet. The sling bullet hits the quokka.
The quokka is severely wounded.
The quokka bites you. The quokka misses you.
You shoot a sling bullet.
The sling bullet barely misses the quokka.
A goblin comes into view. It is wielding a +0 club.
The quokka bites you. The goblin hits you with a +0 club.
You are too injured to fight recklessly!
You shoot a sling bullet. The sling bullet hits the quokka.
The quokka is almost dead.
The quokka misses you. The goblin barely misses you.
The quokka closely misses you.
You shoot a sling bullet. The sling bullet hits the quokka.
The quokka is almost dead.
The quokka barely misses you. The goblin hits you but does no damage.
The quokka bites you but does no damage.
You shoot a sling bullet.
The sling bullet barely misses the quokka.
The goblin hits you with a +0 club.
* * * LOW HITPOINT WARNING * * *
The quokka barely misses you. The goblin hits you with a +0 club.
* * * LOW HITPOINT WARNING * * *
You shoot a sling bullet.
The sling bullet barely misses the quokka.
The quokka misses you. The goblin barely misses you. The quokka bites you.
You die...

#..###. #..# #. #..# #.
##..###. # ....... .#. ##.
#. #..##.. .. ###.### #.#
#..##.. ...#r...# #.#
#[.##.. .#.#@#.# #.#
#..##.. #...g.#.# #.#
#...... ###.###.#
#.####.###). #.###.#
#.##...###..
#######...#.###.#...###...
..................#.......
######...#####.#.).###...
#.....# #.##.## ##.#
#.#.#.####.##.# #..


You could see a quokka and a goblin.

Vanquished Creatures
  A dart slug (D:1)
  A goblin (D:1)
  A hobgoblin (D:1)
  2 ball pythons (D:1)
  A frilled lizard (D:1)
6 creatures vanquished.

Notes
Turn   | Place    | Note
-------+----------+-------------------------------------------
     0 | D:1      | jt the Barachi Hexslinger began the quest for the Orb.
     0 | D:1      | Reached XP level 1. HP: 15/15 MP: 2/2
    61 | D:1      | Reached skill level 1 in Stealth
    86 | D:1      | Reached XP level 2. HP: 21/21 MP: 3/3
   143 | D:1      | Slain by a quokka

Illustrated notes

Levels and vault maps discovered:
D:1:      evilmike_arrival_hilbert_curve, layout_loops_ring

Skill      XL: |  1 |
---------------+----+-----
Stealth        | 1 |  1.6
Fighting       | |  1.2
Ranged Weapons | |  2.0
Dodging        | |  2.1
Spellcasting   | |  1.1
Hexes          | |  3.2

Action                     || total
---------------------------++-------
   Fire: Sling             ||    20
 Armour: Robe              ||     3
  Dodge: Dodged            ||    12

Table legend: (Time is in decaauts)
 A = Elapsed time spent in this place.
 B = Non-inter-level travel time spent in this place.
 C = Inter-level travel time spent in this place.
 D = Time resting spent in this place.
 E = Time spent auto-exploring this place.
 F = Levels seen in this place.
 G = Mean time per level.
                   A        B        C        D        E       F      G
               +--------+--------+--------+--------+--------+-----+--------+
         Total |    170 |    170 |      0 |      0 |     84 |   1 |  170.0 |
       Dungeon |    170 |    170 |      0 |      0 |     84 |   1 |  170.0 |
               +--------+--------+--------+--------+--------+-----+--------+

Top non-repeatable levels by time:
     D:1: 170 daAuts
